Avalanche vs Rangers (R1)

Created - November 10, 2018 at 23:06

Goals
1 2 3 T
Avalanche 3 3 2 8
Rangers 0 2 3 5
Shots
1 2 3 T
Avalanche 10 16 7 33
Rangers 14 17 8 39

1st period

1. Avalanche , Mikkel Boedker 8 (Johnny Boychuk 2, Corey Perry 4) at 10:33
2. Avalanche , Bryan Little 6 (Mikkel Boedker 12) at 10:49 (PP)
3. Avalanche , Paul Stastny 3 (Jack Johnson 7, Greg Campbell 3) at 13:33

Penalties :
Gustav Nyquist (NYR) for Holding (Minor) at 5:05, Milan Lucic (NYR) for Hooking (Minor) at 10:45

2nd period

4. Avalanche , Jay Bouwmeester 4 (Marc Staal 6, Mikkel Boedker 13) at 5:30
5. Avalanche , Andrei Kostitsyn 7 (Alexander Radulov 6, Dan Boyle 3) at 6:56
6. Avalanche , Bryan Little 7 (Jack Johnson 8) at 7:18 (PP)
7. Rangers , Sean Couturier 4 (Alex Tanguay 5, Ryan Suter 4) at 8:14
8. Rangers , Alex Tanguay 4 (Sean Couturier 8, Ryan Suter 5) at 15:15

Penalties :
Andrei Kostitsyn (Col) for Interference (Minor) at 0:03, Patrice Bergeron (NYR) for Hooking (Minor) at 7:03, Alexander Radulov (Col) for Hooking (Minor) at 13:15

3rd period

9. Rangers , Stephen Weiss 2 (Matt Greene 2, Gustav Nyquist 4) at 1:51
10. Rangers , Sean Couturier 5 (Alex Tanguay 6, Cam Barker 7) at 2:57
11. Rangers , James Neal 4 (Cam Barker 8, Sean Couturier 9) at 4:02 (PP)
12. Avalanche , Andrew Ladd 2 (Pernell Karl Subban 3, Jack Johnson 9) at 10:51
13. Avalanche , Mikkel Boedker 9 (Bryan Little 13, Corey Perry 5) at 12:50

Penalties :
Dan Boyle (Col) for High sticking (Minor) at 3:21, Dan Boyle (Col) for Delaying the game (Minor) at 4:13, Stephen Weiss (NYR) for Roughing (Minor) at 17:54

Goalie Stats

Semyon Varlamov (Col), 34 saves from 39 shots - (0.872), W, 4-3-0, 60:00 minutes
Frederik Andersen (NYR), 14 saves from 18 shots - (0.778), L, 6-3-2, 34:30 minutes
Braden Holtby (NYR), 11 saves from 15 shots - (0.733), 25:30 minutes

Players Stats for Avalanche

Player Name              G  A  P  +/- PIM S  H  SB GA TA FO     MP     PP MP  PK MP  
------------------------------------------------------------------------------------
Alexander Radulov        0  1  1   0  2   2  0  0  1  1  0/1    18:01   1:54   0:00 
Andrei Kostitsyn         1  0  1   1  2   4  2  0  1  1  0/2    18:30   1:54   0:22 
Andrew Ladd              1  0  1   0  0   2  2  0  0  0  3/6    13:49   0:00   4:09 
Brandon Yip              0  0  0   1  0   1  2  0  0  0  0/1    11:10   0:00   1:36 
Bryan Little             2  1  3   1  0   3  2  0  0  1  13/26  18:00   2:23   0:00 
Chuck Kobasew            0  0  0  -1  0   1  0  1  0  1  0/0    11:53   0:00   4:09 
Corey Perry              0  2  2   1  0   3  0  1  0  1  0/0    18:00   2:23   0:00 
Dan Boyle                0  1  1   2  4   1  1  0  0  0  0/0    12:14   0:00   0:00 
Greg Campbell            0  1  1   1  0   0  0  0  0  0  2/2    11:26   0:00   1:52 
Jack Johnson             0  3  3   0  0   0  1  3  1  2  0/0    25:30   2:50   2:15 
Jay Bouwmeester          1  0  1   1  0   2  1  2  1  1  0/0    19:04   2:50   0:00 
Johnny Boychuk           0  1  1   2  0   2  0  0  0  1  0/0    14:36   0:00   2:15 
Kyle Turris              0  0  0   0  0   0  0  0  0  0  0/2     8:18   0:00   0:37 
Marc Staal               0  1  1   0  0   0  0  3  1  0  0/0    22:17   1:27   4:23 
Mikkel Boedker           2  2  4   1  0   6  3  1  1  0  0/0    18:00   2:23   0:00 
Paul Stastny             1  0  1   1  0   6  2  0  0  0  12/22  18:01   1:54   0:00 
Pernell Karl Subban      0  1  1  -1  0   0  0  4  0  0  0/0    26:20   1:27   4:23 
Zach Boychuk             0  0  0   0  0   0  1  0  0  0  0/0     8:09   0:00   0:31 

Players Stats for Rangers

Player Name              G  A  P  +/- PIM S  H  SB GA TA FO     MP     PP MP  PK MP  
------------------------------------------------------------------------------------
Alex Tanguay             1  2  3   2  0   2  3  0  1  0  0/0    17:54   3:04   0:47 
Alexei Emelin            0  0  0   0  0   1  1  0  0  0  0/0    15:21   0:00   0:00 
Artem Anisimov           0  0  0   0  0   0  0  1  0  0  0/0     6:32   0:00   0:00 
Cam Barker               0  2  2  -2  0   4  1  1  1  0  0/0    28:58   4:58   2:50 
Chris Bourque            0  0  0   0  0   1  0  0  0  0  0/0     6:32   0:00   0:00 
Colten Teubert           0  0  0  -1  0   1  1  2  0  0  0/0    12:33   0:00   0:00 
Gustav Nyquist           0  1  1   2  2   4  2  0  1  2  2/2    17:06   3:04   0:00 
Jakob Silfverberg        0  0  0  -4  0   3  1  2  2  0  0/0    23:21   3:34   2:46 
James Neal               1  0  1   0  0   3  1  0  0  0  1/1    16:35   4:58   0:00 
Magnus Paajarvi-Svensson 0  0  0   0  0   0  0  1  0  0  0/0    11:30   0:00   0:00 
Matt Greene              0  1  1   0  0   2  1  1  0  1  0/0    16:48   0:00   1:27 
Milan Lucic              0  0  0  -4  2   7  1  1  1  0  1/5    23:15   3:34   2:42 
Patrice Bergeron         0  0  0  -4  2   4  1  1  1  0  19/33  22:03   3:34   1:30 
Patrik Nemeth            0  0  0  -1  0   2  0  2  0  0  0/0    14:00   0:00   1:27 
Richard Panik            0  0  0   0  0   0  0  0  0  0  0/1     6:39   0:00   0:00 
Ryan Suter               0  2  2  -1  0   0  0  4  2  2  0/0    25:26   1:40   2:50 
Sean Couturier           2  2  4   2  0   3  1  0  0  1  7/17   17:12   3:04   0:05 
Stephen Weiss            1  0  1   1  2   2  1  1  0  0  2/3    13:54   1:40   0:44 

3 Stars

1 - Mikkel Boedker (Col)
2 - Sean Couturier (NYR)
3 - Bryan Little (Col)

Power Play

Avalanche - 2 on 4 Attempt(s) - 50.00%
Rangers - 1 on 4 Attempt(s) - 25.00%

Penalty Kill

Avalanche - 3 on 4 Attempt(s) - 75.00% - Score 0 goal in Penalty Kill
Rangers - 2 on 4 Attempt(s) - 50.00% - Score 0 goal in Penalty Kill

Team Stat

Avalanche - Hits : 17 - Faceoff Wins : 30 - Blocked Shots : 15 - Penalty Minutes : 8
Rangers - Hits : 15 - Faceoff Wins : 32 - Blocked Shots : 17 - Penalty Minutes : 8

Official

Referees : Unknown
Linesman : Unknown

Game Notes

Frederik Andersen enters game at 5:30 of 2nd period

Finance

Level 1 -- Attendance: 4984 (83.07%) -- Ticket Income $473,480
Level 2 -- Attendance: 3994 (79.88%) -- Ticket Income $239,640
Level 3 -- Attendance: 2000 (100.00%) -- Ticket Income $70,000
Level 4 -- Attendance: 4000 (100.00%) -- Ticket Income $100,000
Luxury Box -- Attendance: 680 (68.00%) -- Ticket Income $122,400
Game was played at the Madison Square Garden.
Total Attendance: 15658 (86.99%)
Total Ticket Income: $1,005,520
Other Income: $150,828
Total Income: $1,156,348

Avalanche

5 vs 5 Forward 
   Center                   Left Wing                Right Wing               Time % Phy DF OF 
 1 Bryan Little             Mikkel Boedker           Corey Perry              35     1   2  2  
 2 Paul Stastny             Andrei Kostitsyn         Alexander Radulov        35     1   2  2  
 3 Greg Campbell            Andrew Ladd              Brandon Yip              20     1   2  2  
 4 Kyle Turris              Zach Boychuk             Chuck Kobasew            10     1   2  2  

5 vs 5 Defense 
   Defense                  Defense                                           Time % Phy DF OF 
 1 Pernell Karl Subban      Jack Johnson                                      40     1   2  2  
 2 Jay Bouwmeester          Marc Staal                                        35     1   2  2  
 3 Johnny Boychuk           Dan Boyle                                         25     1   2  2  
 4 Marc Staal               Jack Johnson                                      0      1   2  2  

PowerPlay Forward 
   Center                   Left Wing                Right Wing               Time % Phy DF OF 
 1 Bryan Little             Mikkel Boedker           Corey Perry              60     1   2  2  
 2 Paul Stastny             Andrei Kostitsyn         Alexander Radulov        40     1   2  2  

PowerPlay Defense
   Defense                  Defense                                           Time % Phy DF OF 
 1 Jay Bouwmeester          Jack Johnson                                      60     1   2  2  
 2 Pernell Karl Subban      Marc Staal                                        40     1   2  2  

Penalty Kill 4 Players Forward 
   Center                   Wing                     Time % Phy DF OF 
 1 Andrew Ladd              Chuck Kobasew            60     1   2  2  
 2 Greg Campbell            Brandon Yip              40     1   2  2  

Penalty Kill 4 Players Defense
   Defense                  Defense                  Time % Phy DF OF 
 1 Marc Staal               Pernell Karl Subban      60     1   2  2  
 2 Jack Johnson             Johnny Boychuk           40     1   2  2  

Penalty Kill - 3 Players Forward 
   Forward                                           Time % Phy DF OF 
 1 Corey Perry                                       60     1   2  2  
 2 Mikkel Boedker                                    40     1   2  2  

Penalty Kill - 3 Players Defense
   Defense                  Defense                  Time % Phy DF OF 
 1 Marc Staal               Jack Johnson             60     1   2  2  
 2 Pernell Karl Subban      Johnny Boychuk           40     1   2  2  

4 vs 4 Forward 
   Center                   Wing                     Time % Phy DF OF 
 1 Corey Perry              Mikkel Boedker           60     1   2  2  
 2 Bryan Little             Andrei Kostitsyn         40     1   2  2  

4 vs 4 Defense
   Defense                  Defense                  Time % Phy DF OF 
 1 Marc Staal               Jack Johnson             60     1   2  2  
 2 Pernell Karl Subban      Johnny Boychuk           40     1   2  2  

Last Minutes Offensive
   Center                   Left Wing                Right Wing               Defense                  Defense                  
   Bryan Little             Mikkel Boedker           Corey Perry              Marc Staal               Jack Johnson             

Last Minutes Defensive
   Center                   Left Wing                Right Wing               Defense                  Defense                  
   Bryan Little             Andrew Ladd              Chuck Kobasew            Marc Staal               Jack Johnson             

Goaltenders
Starting : Semyon Varlamov          
Backup : Roberto Luongo           

Extra Forwards
Normal : Andrew Ladd, Alexander Radulov, Greg Campbell - PP : Andrew Ladd, Alexander Radulov - PK : Greg Campbell
Extra Defensemen
Normal : Jay Bouwmeester, Dan Boyle, Pernell Karl Subban - PP : Jay Bouwmeester - PK : Jay Bouwmeester, Pernell Karl Subban
Penalty Shots
Mikkel Boedker, Corey Perry, Kyle Turris, Bryan Little, Andrei Kostitsyn

Scratches
None

Rangers

5 vs 5 Forward 
   Center                   Left Wing                Right Wing               Time % Phy DF OF 
 1 Patrice Bergeron         Milan Lucic              Jakob Silfverberg        35     1   2  2  
 2 Sean Couturier           Alex Tanguay             Gustav Nyquist           30     1   2  2  
 3 Stephen Weiss            Magnus Paajarvi-Svensson James Neal               25     1   2  2  
 4 Artem Anisimov           Chris Bourque            Richard Panik            10     1   2  2  

5 vs 5 Defense 
   Defense                  Defense                                           Time % Phy DF OF 
 1 Cam Barker               Ryan Suter                                        40     1   2  2  
 2 Matt Greene              Alexei Emelin                                     30     1   2  2  
 3 Colten Teubert           Patrik Nemeth                                     20     1   2  2  
 4 Cam Barker               Ryan Suter                                        10     1   2  2  

PowerPlay Forward 
   Center                   Left Wing                Right Wing               Time % Phy DF OF 
 1 Patrice Bergeron         Milan Lucic              Jakob Silfverberg        60     1   2  2  
 2 Sean Couturier           Alex Tanguay             Gustav Nyquist           40     1   2  2  

PowerPlay Defense
   Defense                  Defense                                           Time % Phy DF OF 
 1 Cam Barker               James Neal                                        60     1   2  2  
 2 Ryan Suter               Stephen Weiss                                     40     1   2  2  

Penalty Kill 4 Players Forward 
   Center                   Wing                     Time % Phy DF OF 
 1 Milan Lucic              Jakob Silfverberg        60     1   2  2  
 2 Patrice Bergeron         Stephen Weiss            40     1   2  2  

Penalty Kill 4 Players Defense
   Defense                  Defense                  Time % Phy DF OF 
 1 Ryan Suter               Cam Barker               60     1   2  2  
 2 Matt Greene              Patrik Nemeth            40     1   2  2  

Penalty Kill - 3 Players Forward 
   Forward                                           Time % Phy DF OF 
 1 Jakob Silfverberg                                 60     1   2  2  
 2 Milan Lucic                                       40     1   2  2  

Penalty Kill - 3 Players Defense
   Defense                  Defense                  Time % Phy DF OF 
 1 Ryan Suter               Cam Barker               60     1   2  2  
 2 Colten Teubert           Alexei Emelin            40     1   2  2  

4 vs 4 Forward 
   Center                   Wing                     Time % Phy DF OF 
 1 Patrice Bergeron         Milan Lucic              60     1   2  2  
 2 Jakob Silfverberg        Alex Tanguay             40     1   2  2  

4 vs 4 Defense
   Defense                  Defense                  Time % Phy DF OF 
 1 Cam Barker               Ryan Suter               60     1   2  2  
 2 Alexei Emelin            Matt Greene              40     1   2  2  

Last Minutes Offensive
   Center                   Left Wing                Right Wing               Defense                  Defense                  
   Milan Lucic              Jakob Silfverberg        Patrice Bergeron         Cam Barker               Ryan Suter               

Last Minutes Defensive
   Center                   Left Wing                Right Wing               Defense                  Defense                  
   Milan Lucic              Jakob Silfverberg        Patrice Bergeron         Cam Barker               Ryan Suter               

Goaltenders
Starting : Braden Holtby            
Backup : Frederik Andersen        

Extra Forwards
Normal : James Neal, Sean Couturier, Gustav Nyquist - PP : Milan Lucic, Patrice Bergeron - PK : Patrice Bergeron
Extra Defensemen
Normal : Ryan Suter, Colten Teubert, Patrik Nemeth - PP : Cam Barker - PK : Ryan Suter, Cam Barker
Penalty Shots
James Neal, Sean Couturier, Gustav Nyquist, Milan Lucic, Patrice Bergeron

Scratches
Mark Fistric (Left Hip Injury), Matt Read (Back Surgery Injury)

% Time on Ice - Avalanche

Lines # - Real PCT - Wanted PCT - Time Play
Normal Forward
1 - 32% - 35% - 15:46
2 - 33% - 35% - 16:07
3 - 19% - 20% - 9:34
4 - 16% - 10% - 7:38
Normal Defense
1 - 41% - 40% - 20:18
2 - 34% - 35% - 16:34
3 - 25% - 25% - 12:13
4 - 0% - 0% - 0:00
PP Forward
1 - 56% - 60% - 2:23
2 - 44% - 40% - 1:54
PP Defense
1 - 66% - 60% - 2:50
2 - 34% - 40% - 1:27
PK Forward
1 - 76% - 60% - 5:02
2 - 24% - 40% - 1:36
PK Defense
1 - 66% - 60% - 4:23
2 - 34% - 40% - 2:15
PK3 Forward
1 - 0% - 60%
2 - 0% - 40%
PK3 Defense
1 - 0% - 60%
2 - 0% - 40%
44 Forward
1 - 0% - 60%
2 - 0% - 40%
44 Defense
1 - 0% - 60%
2 - 0% - 40%
Last Minute Offensive  - 0:00
Last Minute Defensive  - 0:00
Total
Forward - 60:00
Defense - 60:00

% Time on Ice - Rangers

Lines # - Real PCT - Wanted PCT - Time Play
Normal Forward
1 - 35% - 35% - 17:00
2 - 29% - 30% - 14:03
3 - 23% - 25% - 11:30
4 - 13% - 10% - 6:32
Normal Defense
1 - 39% - 40% - 19:06
2 - 31% - 30% - 15:22
3 - 26% - 20% - 12:33
4 - 4% - 10% - 2:04
PP Forward
1 - 54% - 60% - 3:34
2 - 46% - 40% - 3:04
PP Defense
1 - 75% - 60% - 4:58
2 - 25% - 40% - 1:40
PK Forward
1 - 69% - 60% - 2:58
2 - 31% - 40% - 1:19
PK Defense
1 - 66% - 60% - 2:50
2 - 34% - 40% - 1:27
PK3 Forward
1 - 0% - 60%
2 - 0% - 40%
PK3 Defense
1 - 0% - 60%
2 - 0% - 40%
44 Forward
1 - 0% - 60%
2 - 0% - 40%
44 Defense
1 - 0% - 60%
2 - 0% - 40%
Last Minute Offensive  - 0:00
Last Minute Defensive  - 0:00
Total
Forward - 60:00
Defense - 60:00

Play by Play

1st period


0:01 of 1st period - Patrice Bergeron wins face-off versus Bryan Little in neutral zone.
0:12 of 1st period - Snap shot by Jakob Silfverberg.
0:12 of 1st period - Stopped by Semyon Varlamov with a rebound.
0:14 of 1st period - Snap shot by Ryan Suter.
0:14 of 1st period - Shot Misses the Net.
0:16 of 1st period - Snap shot by Patrice Bergeron.
0:16 of 1st period - Shot Blocked by Pernell Karl Subban.
0:28 of 1st period - Wrist shot by Stephen Weiss.
0:28 of 1st period - Stopped by Semyon Varlamov with a rebound.
0:50 of 1st period - Slapshot by Bryan Little.
0:50 of 1st period - Deflect By Corey Perry.
0:50 of 1st period - Shot Blocked by Stephen Weiss.
0:50 of 1st period - Puck is out of play.
0:51 of 1st period - Paul Stastny wins face-off versus Sean Couturier in Rangers zone.
1:25 of 1st period - Backhand shot by Chris Bourque.
1:25 of 1st period - Deflect By Richard Panik.
1:25 of 1st period - Shot Misses the Net.
1:25 of 1st period - Puck is out of play.
1:26 of 1st period - Patrice Bergeron wins face-off versus Paul Stastny in Avalanche zone.
2:35 of 1st period - Slapshot by Gustav Nyquist.
2:35 of 1st period - Stopped by Semyon Varlamov with a rebound.
2:37 of 1st period - Backhand shot by Alexei Emelin.
2:37 of 1st period - Stopped by Semyon Varlamov with a rebound.
2:49 of 1st period - Chris Bourque is hit by Brandon Yip and loses puck.
3:07 of 1st period - Snap shot by Milan Lucic.
3:07 of 1st period - Stopped by Semyon Varlamov with a rebound.
3:09 of 1st period - Snap shot by Cam Barker.
3:09 of 1st period - Deflect By Marc Staal.
3:09 of 1st period - Stopped by Semyon Varlamov with a rebound.
3:42 of 1st period - Icing by Jay Bouwmeester.
3:43 of 1st period - Bryan Little wins face-off versus Sean Couturier in Avalanche zone.
4:08 of 1st period - Cam Barker is hit by Bryan Little and loses puck.
4:19 of 1st period - Slapshot by Mikkel Boedker.
4:19 of 1st period - Shot Misses the Net.
4:21 of 1st period - Slapshot by Marc Staal.
4:21 of 1st period - Deflect By Mikkel Boedker.
4:21 of 1st period - Stopped by Braden Holtby without a rebound.
4:22 of 1st period - Sean Couturier wins face-off versus Paul Stastny in Rangers zone.
4:27 of 1st period - Andrei Kostitsyn is hit by Gustav Nyquist.
4:31 of 1st period - Slapshot by Gustav Nyquist.
4:31 of 1st period - Stopped by Semyon Varlamov with a rebound.
4:33 of 1st period - Slapshot by Matt Greene.
4:33 of 1st period - Stopped by Semyon Varlamov with a rebound.
4:35 of 1st period - Wrist shot by Alex Tanguay.
4:35 of 1st period - Stopped by Semyon Varlamov without a rebound.
4:36 of 1st period - Bryan Little wins face-off versus Patrice Bergeron in Avalanche zone.
4:43 of 1st period - Snap shot by Corey Perry.
4:43 of 1st period - Shot Blocked by Ryan Suter.
4:45 of 1st period - Snap shot by Mikkel Boedker.
4:45 of 1st period - Shot Misses the Net.
4:47 of 1st period - Snap shot by Bryan Little.
4:47 of 1st period - Stopped by Braden Holtby without a rebound.
4:48 of 1st period - Paul Stastny wins face-off versus Sean Couturier in Rangers zone.
4:55 of 1st period - Wrist shot by Sean Couturier.
4:55 of 1st period - Shot Blocked by Pernell Karl Subban.
5:03 of 1st period - Slapshot by Andrei Kostitsyn.
5:03 of 1st period - Shot Misses the Net.
5:05 of 1st period - Minor Penalty to Gustav Nyquist for Holding.
5:06 of 1st period - Milan Lucic wins face-off versus Bryan Little in Rangers zone.
5:15 of 1st period - Wrist shot by Milan Lucic.
5:15 of 1st period - Shot Blocked by Jack Johnson.
5:21 of 1st period - Snap shot by Milan Lucic.
5:21 of 1st period - Shot Misses the Net.
5:33 of 1st period - Cam Barker is hit by Jay Bouwmeester and loses puck.
6:06 of 1st period - Slapshot by Patrice Bergeron.
6:06 of 1st period - Stopped by Semyon Varlamov without a rebound.
6:07 of 1st period - Patrice Bergeron wins face-off versus Paul Stastny in Avalanche zone.
6:19 of 1st period - Off-side.
6:20 of 1st period - Bryan Little wins face-off versus Milan Lucic in neutral zone.
6:23 of 1st period - Wrist shot by Bryan Little.
6:23 of 1st period - Shot Misses the Net.
7:05 of 1st period - Penalty to Gustav Nyquist is over, Gustav Nyquist is back on ice.
7:53 of 1st period - Jack Johnson is hit by Alex Tanguay.
7:57 of 1st period - Gustav Nyquist is hit by Andrew Ladd and loses puck.
8:08 of 1st period - Ryan Suter is hit by Andrei Kostitsyn and loses puck.
8:13 of 1st period - Wrist shot by Paul Stastny.
8:13 of 1st period - Stopped by Braden Holtby without a rebound.
8:14 of 1st period - Patrice Bergeron wins face-off versus Bryan Little in Rangers zone.
9:23 of 1st period - Zach Boychuk is hit by Matt Greene and loses puck.
9:32 of 1st period - Slapshot by Pernell Karl Subban.
9:32 of 1st period - Shot Misses the Net.
10:11 of 1st period - Icing by Johnny Boychuk.
10:12 of 1st period - Bryan Little wins face-off versus Patrice Bergeron in Avalanche zone.
10:12 of 1st period - Bryan Little is hit by Patrice Bergeron.
10:31 of 1st period - Snap shot by Mikkel Boedker.
10:31 of 1st period - Shot Misses the Net.
10:33 of 1st period - Snap shot by Mikkel Boedker.
10:33 of 1st period - Goal by Mikkel Boedker - Avalanche : 1 - Rangers : 0.
10:34 of 1st period - Patrice Bergeron wins face-off versus Paul Stastny in neutral zone.
10:43 of 1st period - Slapshot by Paul Stastny.
10:43 of 1st period - Deflect By Andrei Kostitsyn.
10:43 of 1st period - Stopped by Braden Holtby with a rebound.
10:45 of 1st period - Minor Penalty to Milan Lucic for Hooking.
10:46 of 1st period - Bryan Little wins face-off versus Patrice Bergeron in Rangers zone.
10:49 of 1st period - Snap shot by Bryan Little.
10:49 of 1st period - Goal by Bryan Little - Avalanche : 2 - Rangers : 0.
10:50 of 1st period - Patrice Bergeron wins face-off versus Bryan Little in neutral zone.
10:57 of 1st period - Snap shot by Jakob Silfverberg.
10:57 of 1st period - Shot Misses the Net.
11:05 of 1st period - Snap shot by Corey Perry.
11:05 of 1st period - Shot Blocked by Cam Barker.
11:07 of 1st period - Slapshot by Pernell Karl Subban.
11:07 of 1st period - Shot Blocked by Ryan Suter.
11:21 of 1st period - Paul Stastny is hit by Cam Barker and loses puck.
11:47 of 1st period - Off-side.
11:48 of 1st period - Patrice Bergeron wins face-off versus Bryan Little in neutral zone.
11:53 of 1st period - Patrik Nemeth is hit by Bryan Little and loses puck.
12:31 of 1st period - James Neal is hit by Paul Stastny and loses puck.
12:36 of 1st period - Snap shot by Andrei Kostitsyn.
12:36 of 1st period - Shot Blocked by Colten Teubert.
12:38 of 1st period - Slapshot by Johnny Boychuk.
12:38 of 1st period - Stopped by Braden Holtby without a rebound.
12:39 of 1st period - Bryan Little wins face-off versus Patrice Bergeron in Rangers zone.
13:05 of 1st period - Cam Barker is hit by Andrew Ladd.
13:15 of 1st period - Snap shot by Alex Tanguay.
13:15 of 1st period - Shot Misses the Net.
13:31 of 1st period - Wrist shot by Paul Stastny.
13:31 of 1st period - Stopped by Braden Holtby with a rebound.
13:33 of 1st period - Wrist shot by Paul Stastny.
13:33 of 1st period - Goal by Paul Stastny - Avalanche : 3 - Rangers : 0.
13:34 of 1st period - Patrice Bergeron wins face-off versus Bryan Little in neutral zone.
14:01 of 1st period - Milan Lucic is hit by Brandon Yip and loses puck.
14:36 of 1st period - Ryan Suter is hit by Dan Boyle and loses puck.
14:53 of 1st period - James Neal is hit by Zach Boychuk and loses puck.
15:10 of 1st period - Snap shot by Chris Bourque.
15:10 of 1st period - Shot Blocked by Mikkel Boedker.
15:12 of 1st period - Slapshot by Matt Greene.
15:12 of 1st period - Stopped by Semyon Varlamov with a rebound.
15:56 of 1st period - Wrist shot by Zach Boychuk.
15:56 of 1st period - Shot Misses the Net.
16:39 of 1st period - Slapshot by Jay Bouwmeester.
16:39 of 1st period - Shot Misses the Net.
16:58 of 1st period - Backhand shot by Chris Bourque.
16:58 of 1st period - Stopped by Semyon Varlamov with a rebound.
17:00 of 1st period - Wrist shot by Cam Barker.
17:00 of 1st period - Stopped by Semyon Varlamov with a rebound.
17:02 of 1st period - Slapshot by Cam Barker.
17:02 of 1st period - Shot Blocked by Marc Staal.
17:04 of 1st period - Slapshot by Cam Barker.
17:04 of 1st period - Shot Hit the Post.
17:06 of 1st period - Snap shot by Colten Teubert.
17:06 of 1st period - Deflect By Richard Panik.
17:06 of 1st period - Shot Misses the Net.
17:06 of 1st period - Puck is out of play.
17:07 of 1st period - James Neal wins face-off versus Paul Stastny in Avalanche zone.
19:00 of 1st period - Wrist shot by Jakob Silfverberg.
19:00 of 1st period - Stopped by Semyon Varlamov with a rebound.
19:02 of 1st period - Snap shot by Milan Lucic.
19:02 of 1st period - Shot Misses the Net.
19:04 of 1st period - Snap shot by Milan Lucic.
19:04 of 1st period - Shot Misses the Net.
19:22 of 1st period - Slapshot by Richard Panik.
19:22 of 1st period - Shot Misses the Net.
19:28 of 1st period - Snap shot by Richard Panik.
19:28 of 1st period - Shot Misses the Net.
19:30 of 1st period - Snap shot by Richard Panik.
19:30 of 1st period - Shot Misses the Net.
19:42 of 1st period - Wrist shot by Corey Perry.
19:42 of 1st period - Stopped by Braden Holtby without a rebound.
19:43 of 1st period - Bryan Little wins face-off versus Sean Couturier in Rangers zone.
Goals for this period are 3 for Avalanche vs 0 for Rangers.
Shots for this period are 10 for Avalanche vs 14 for Rangers.

2nd period


0:01 of 2nd period - Paul Stastny wins face-off versus Patrice Bergeron in neutral zone.
0:03 of 2nd period - Minor Penalty to Andrei Kostitsyn for Interference.
0:04 of 2nd period - Andrew Ladd wins face-off versus Patrice Bergeron in Avalanche zone.
0:40 of 2nd period - Snap shot by Cam Barker.
0:40 of 2nd period - Stopped by Semyon Varlamov without a rebound.
0:41 of 2nd period - Patrice Bergeron wins face-off versus Brandon Yip in Avalanche zone.
1:54 of 2nd period - Zach Boychuk is hit by Alex Tanguay and loses puck.
2:03 of 2nd period - Penalty to Andrei Kostitsyn is over, Andrei Kostitsyn is back on ice.
2:07 of 2nd period - Slapshot by James Neal.
2:07 of 2nd period - Deflect By Milan Lucic.
2:07 of 2nd period - Stopped by Semyon Varlamov without a rebound.
2:08 of 2nd period - Paul Stastny wins face-off versus Patrice Bergeron in Avalanche zone.
2:15 of 2nd period - Slapshot by Jay Bouwmeester.
2:15 of 2nd period - Shot Blocked by Jakob Silfverberg.
2:17 of 2nd period - Snap shot by Paul Stastny.
2:17 of 2nd period - Shot Blocked by Patrice Bergeron.
2:19 of 2nd period - Wrist shot by Alexander Radulov.
2:19 of 2nd period - Shot Blocked by Jakob Silfverberg.
2:21 of 2nd period - Snap shot by Alexander Radulov.
2:21 of 2nd period - Stopped by Braden Holtby with a rebound.
2:23 of 2nd period - Slapshot by Jay Bouwmeester.
2:23 of 2nd period - Stopped by Braden Holtby with a rebound.
3:09 of 2nd period - Snap shot by Zach Boychuk.
3:09 of 2nd period - Shot Misses the Net.
3:21 of 2nd period - Snap shot by Milan Lucic.
3:21 of 2nd period - Stopped by Semyon Varlamov with a rebound.
4:05 of 2nd period - Alex Tanguay is hit by Mikkel Boedker and loses puck.
4:58 of 2nd period - Wrist shot by Paul Stastny.
4:58 of 2nd period - Stopped by Braden Holtby without a rebound.
4:59 of 2nd period - Sean Couturier wins face-off versus Alexander Radulov in Rangers zone.
5:06 of 2nd period - Snap shot by Colten Teubert.
5:06 of 2nd period - Stopped by Semyon Varlamov with a rebound.
5:08 of 2nd period - Snap shot by Sean Couturier.
5:08 of 2nd period - Shot Misses the Net.
5:24 of 2nd period - Wrist shot by Mikkel Boedker.
5:24 of 2nd period - Stopped by Braden Holtby with a rebound.
5:26 of 2nd period - Slapshot by Jay Bouwmeester.
5:26 of 2nd period - Shot Blocked by Colten Teubert.
5:28 of 2nd period - Slapshot by Marc Staal.
5:28 of 2nd period - Shot Misses the Net.
5:30 of 2nd period - Slapshot by Jay Bouwmeester.
5:30 of 2nd period - Goal by Jay Bouwmeester - Avalanche : 4 - Rangers : 0.
5:30 of 2nd period - Frederik Andersen enters game.
5:31 of 2nd period - Patrice Bergeron wins face-off versus Paul Stastny in neutral zone.
5:34 of 2nd period - Snap shot by Milan Lucic.
5:34 of 2nd period - Stopped by Semyon Varlamov with a rebound.
5:36 of 2nd period - Slapshot by Cam Barker.
5:36 of 2nd period - Shot Misses the Net.
6:21 of 2nd period - Slapshot by Chuck Kobasew.
6:21 of 2nd period - Stopped by Frederik Andersen without a rebound.
6:22 of 2nd period - Stephen Weiss wins face-off versus Kyle Turris in Rangers zone.
6:54 of 2nd period - Slapshot by Dan Boyle.
6:54 of 2nd period - Stopped by Frederik Andersen with a rebound.
6:56 of 2nd period - Snap shot by Alexander Radulov.
6:56 of 2nd period - Deflect By Andrei Kostitsyn.
6:56 of 2nd period - Goal by Andrei Kostitsyn - Avalanche : 5 - Rangers : 0.
6:57 of 2nd period - Paul Stastny wins face-off versus Patrice Bergeron in neutral zone.
7:03 of 2nd period - Minor Penalty to Patrice Bergeron for Hooking.
7:04 of 2nd period - Bryan Little wins face-off versus Milan Lucic in Rangers zone.
7:18 of 2nd period - Backhand shot by Bryan Little.
7:18 of 2nd period - Deflect By Jakob Silfverberg.
7:18 of 2nd period - Goal by Bryan Little - Avalanche : 6 - Rangers : 0.
7:19 of 2nd period - Sean Couturier wins face-off versus Andrei Kostitsyn in neutral zone.
7:27 of 2nd period - Icing by Cam Barker.
7:28 of 2nd period - Paul Stastny wins face-off versus Sean Couturier in Rangers zone.
7:35 of 2nd period - Slapshot by Sean Couturier.
7:35 of 2nd period - Stopped by Semyon Varlamov without a rebound.
7:36 of 2nd period - Bryan Little wins face-off versus Patrice Bergeron in Avalanche zone.
8:03 of 2nd period - Jack Johnson is hit by Sean Couturier and loses puck.
8:14 of 2nd period - Wrist shot by Sean Couturier.
8:14 of 2nd period - Goal by Sean Couturier - Avalanche : 6 - Rangers : 1.
8:15 of 2nd period - Paul Stastny wins face-off versus Stephen Weiss in neutral zone.
8:26 of 2nd period - Wrist shot by Alexander Radulov.
8:26 of 2nd period - Deflect By Andrei Kostitsyn.
8:26 of 2nd period - Shot Blocked by Ryan Suter.
8:26 of 2nd period - Puck is out of play.
8:27 of 2nd period - Patrice Bergeron wins face-off versus Andrei Kostitsyn in Rangers zone.
8:40 of 2nd period - Wrist shot by Milan Lucic.
8:40 of 2nd period - Shot Misses the Net.
8:42 of 2nd period - Slapshot by Milan Lucic.
8:42 of 2nd period - Shot Misses the Net.
8:44 of 2nd period - Snap shot by Patrice Bergeron.
8:44 of 2nd period - Shot Misses the Net.
9:55 of 2nd period - Snap shot by Jakob Silfverberg.
9:55 of 2nd period - Stopped by Semyon Varlamov with a rebound.
10:07 of 2nd period - Icing by Milan Lucic.
10:08 of 2nd period - Patrice Bergeron wins face-off versus Bryan Little in Rangers zone.
10:08 of 2nd period - Patrice Bergeron is hit by Jack Johnson.
10:32 of 2nd period - Wrist shot by Jakob Silfverberg.
10:32 of 2nd period - Shot Blocked by Corey Perry.
10:34 of 2nd period - Slapshot by Patrik Nemeth.
10:34 of 2nd period - Stopped by Semyon Varlamov with a rebound.
10:36 of 2nd period - Wrist shot by Patrik Nemeth.
10:36 of 2nd period - Stopped by Semyon Varlamov without a rebound.
10:37 of 2nd period - Paul Stastny wins face-off versus Sean Couturier in Avalanche zone.
10:48 of 2nd period - Snap shot by Paul Stastny.
10:48 of 2nd period - Stopped by Frederik Andersen with a rebound.
11:10 of 2nd period - Off-side.
11:11 of 2nd period - Gustav Nyquist wins face-off versus Bryan Little in neutral zone.
11:14 of 2nd period - Slapshot by Alex Tanguay.
11:14 of 2nd period - Shot Misses the Net.
12:48 of 2nd period - Slapshot by Alex Tanguay.
12:48 of 2nd period - Shot Blocked by Marc Staal.
12:52 of 2nd period - Wrist shot by Alex Tanguay.
12:52 of 2nd period - Shot Blocked by Jay Bouwmeester.
12:54 of 2nd period - Wrist shot by Gustav Nyquist.
12:54 of 2nd period - Shot Misses the Net.
12:56 of 2nd period - Snap shot by Sean Couturier.
12:56 of 2nd period - Deflect By Gustav Nyquist.
12:56 of 2nd period - Stopped by Semyon Varlamov without a rebound.
12:57 of 2nd period - Patrice Bergeron wins face-off versus Bryan Little in Avalanche zone.
12:58 of 2nd period - Snap shot by Milan Lucic.
12:58 of 2nd period - Stopped by Semyon Varlamov with a rebound.
13:03 of 2nd period - Bryan Little is hit by Alexei Emelin and loses puck.
13:08 of 2nd period - Wrist shot by Mikkel Boedker.
13:08 of 2nd period - Shot Blocked by Matt Greene.
13:10 of 2nd period - Backhand shot by Johnny Boychuk.
13:10 of 2nd period - Stopped by Frederik Andersen without a rebound.
13:11 of 2nd period - Paul Stastny wins face-off versus Sean Couturier in Rangers zone.
13:15 of 2nd period - Minor Penalty to Alexander Radulov for Hooking.
13:16 of 2nd period - Patrice Bergeron wins face-off versus Andrew Ladd in Avalanche zone.
13:24 of 2nd period - Snap shot by Jakob Silfverberg.
13:24 of 2nd period - Shot Blocked by Chuck Kobasew.
13:26 of 2nd period - Slapshot by Patrice Bergeron.
13:26 of 2nd period - Shot Misses the Net.
13:28 of 2nd period - Snap shot by Milan Lucic.
13:28 of 2nd period - Stopped by Semyon Varlamov without a rebound.
13:29 of 2nd period - Andrew Ladd wins face-off versus Patrice Bergeron in Avalanche zone.
13:46 of 2nd period - Slapshot by James Neal.
13:46 of 2nd period - Deflect By Pernell Karl Subban.
13:46 of 2nd period - Stopped by Semyon Varlamov with a rebound.
14:10 of 2nd period - Snap shot by Andrew Ladd.
14:10 of 2nd period - Stopped by Frederik Andersen without a rebound.
14:11 of 2nd period - Greg Campbell wins face-off versus Patrice Bergeron in Rangers zone.
14:12 of 2nd period - Wrist shot by Brandon Yip.
14:12 of 2nd period - Stopped by Frederik Andersen without a rebound.
14:13 of 2nd period - Greg Campbell wins face-off versus Patrice Bergeron in Rangers zone.
15:03 of 2nd period - Slapshot by Cam Barker.
15:03 of 2nd period - Stopped by Semyon Varlamov without a rebound.
15:04 of 2nd period - Sean Couturier wins face-off versus Andrew Ladd in Avalanche zone.
15:11 of 2nd period - Snap shot by Gustav Nyquist.
15:11 of 2nd period - Shot Misses the Net.
15:13 of 2nd period - Slapshot by Ryan Suter.
15:13 of 2nd period - Shot Blocked by Pernell Karl Subban.
15:15 of 2nd period - Penalty to Alexander Radulov is over, Alexander Radulov is back on ice.
15:15 of 2nd period - Snap shot by Sean Couturier.
15:15 of 2nd period - Deflect By Alex Tanguay.
15:15 of 2nd period - Goal by Alex Tanguay - Avalanche : 6 - Rangers : 2.
15:16 of 2nd period - Patrice Bergeron wins face-off versus Paul Stastny in neutral zone.
15:20 of 2nd period - Off-side.
15:21 of 2nd period - Patrice Bergeron wins face-off versus Paul Stastny in neutral zone.
15:24 of 2nd period - Snap shot by Milan Lucic.
15:24 of 2nd period - Shot Misses the Net.
15:31 of 2nd period - Off-side.
15:32 of 2nd period - Bryan Little wins face-off versus Sean Couturier in neutral zone.
15:49 of 2nd period - Wrist shot by Mikkel Boedker.
15:49 of 2nd period - Stopped by Frederik Andersen with a rebound.
16:01 of 2nd period - Wrist shot by Paul Stastny.
16:01 of 2nd period - Stopped by Frederik Andersen with a rebound.
16:19 of 2nd period - Greg Campbell is hit by Stephen Weiss and loses puck.
16:44 of 2nd period - Backhand shot by Mikkel Boedker.
16:44 of 2nd period - Stopped by Frederik Andersen with a rebound.
18:06 of 2nd period - Snap shot by Chris Bourque.
18:06 of 2nd period - Shot Misses the Net.
18:08 of 2nd period - Snap shot by Matt Greene.
18:08 of 2nd period - Shot Blocked by Jack Johnson.
19:57 of 2nd period - Snap shot by Milan Lucic.
19:57 of 2nd period - Shot Blocked by Jay Bouwmeester.
19:59 of 2nd period - Snap shot by Jakob Silfverberg.
19:59 of 2nd period - Deflect By Patrice Bergeron.
19:59 of 2nd period - Stopped by Semyon Varlamov without a rebound.
Goals for this period are 3 for Avalanche vs 2 for Rangers.
Shots for this period are 16 for Avalanche vs 17 for Rangers.

3rd period


0:01 of 3rd period - Bryan Little wins face-off versus Sean Couturier in neutral zone.
1:18 of 3rd period - Snap shot by Corey Perry.
1:18 of 3rd period - Stopped by Frederik Andersen with a rebound.
1:20 of 3rd period - Slapshot by Corey Perry.
1:20 of 3rd period - Stopped by Frederik Andersen with a rebound.
1:30 of 3rd period - Snap shot by Kyle Turris.
1:30 of 3rd period - Shot Misses the Net.
1:51 of 3rd period - Slapshot by Matt Greene.
1:51 of 3rd period - Deflect By Stephen Weiss.
1:51 of 3rd period - Goal by Stephen Weiss - Avalanche : 6 - Rangers : 3.
1:52 of 3rd period - Sean Couturier wins face-off versus Bryan Little in neutral zone.
1:59 of 3rd period - Wrist shot by Gustav Nyquist.
1:59 of 3rd period - Stopped by Semyon Varlamov without a rebound.
2:00 of 3rd period - Gustav Nyquist wins face-off versus Bryan Little in Avalanche zone.
2:21 of 3rd period - Pernell Karl Subban is hit by Gustav Nyquist and loses puck.
2:42 of 3rd period - Cam Barker is hit by Mikkel Boedker and loses puck.
2:57 of 3rd period - Wrist shot by Sean Couturier.
2:57 of 3rd period - Goal by Sean Couturier - Avalanche : 6 - Rangers : 4.
2:58 of 3rd period - Patrice Bergeron wins face-off versus Paul Stastny in neutral zone.
3:21 of 3rd period - Minor Penalty to Dan Boyle for High sticking.
3:22 of 3rd period - Andrew Ladd wins face-off versus Patrice Bergeron in Avalanche zone.
4:00 of 3rd period - Slapshot by Cam Barker.
4:00 of 3rd period - Shot Blocked by Marc Staal.
4:02 of 3rd period - Snap shot by James Neal.
4:02 of 3rd period - Goal by James Neal - Avalanche : 6 - Rangers : 5.
4:03 of 3rd period - Sean Couturier wins face-off versus Paul Stastny in neutral zone.
4:13 of 3rd period - Minor Penalty to Dan Boyle for Delaying the game.
4:14 of 3rd period - Patrice Bergeron wins face-off versus Andrew Ladd in Avalanche zone.
4:56 of 3rd period - Slapshot by James Neal.
4:56 of 3rd period - Stopped by Semyon Varlamov with a rebound.
6:13 of 3rd period - Penalty to Dan Boyle is over, Dan Boyle is back on ice.
6:21 of 3rd period - Chris Bourque is hit by Mikkel Boedker and loses puck.
8:16 of 3rd period - Snap shot by Mikkel Boedker.
8:16 of 3rd period - Shot Blocked by Milan Lucic.
10:32 of 3rd period - Artem Anisimov is hit by Paul Stastny and loses puck.
10:51 of 3rd period - Snap shot by Andrew Ladd.
10:51 of 3rd period - Goal by Andrew Ladd - Avalanche : 7 - Rangers : 5.
10:52 of 3rd period - Paul Stastny wins face-off versus Sean Couturier in neutral zone.
12:03 of 3rd period - Chuck Kobasew is hit by Alex Tanguay and loses puck.
12:23 of 3rd period - Icing by Dan Boyle.
12:24 of 3rd period - Bryan Little wins face-off versus Richard Panik in Avalanche zone.
12:30 of 3rd period - Icing by Dan Boyle.
12:31 of 3rd period - Patrice Bergeron wins face-off versus Bryan Little in Avalanche zone.
12:32 of 3rd period - Snap shot by Milan Lucic.
12:32 of 3rd period - Stopped by Semyon Varlamov with a rebound.
12:50 of 3rd period - Slapshot by Mikkel Boedker.
12:50 of 3rd period - Goal by Mikkel Boedker - Avalanche : 8 - Rangers : 5.
12:51 of 3rd period - Paul Stastny wins face-off versus Patrice Bergeron in neutral zone.
12:56 of 3rd period - Slapshot by Andrei Kostitsyn.
12:56 of 3rd period - Stopped by Frederik Andersen with a rebound.
13:02 of 3rd period - Paul Stastny is hit by Milan Lucic and loses puck.
13:35 of 3rd period - Snap shot by Andrei Kostitsyn.
13:35 of 3rd period - Stopped by Frederik Andersen with a rebound.
13:41 of 3rd period - Paul Stastny is hit by James Neal and loses puck.
13:56 of 3rd period - Snap shot by Jakob Silfverberg.
13:56 of 3rd period - Shot Blocked by Jack Johnson.
14:05 of 3rd period - Jack Johnson is hit by Colten Teubert and loses puck.
14:38 of 3rd period - Jack Johnson is hit by Jakob Silfverberg and loses puck.
14:47 of 3rd period - Wrist shot by Jack Johnson.
14:47 of 3rd period - Shot Blocked by Patrik Nemeth.
14:49 of 3rd period - Snap shot by Andrei Kostitsyn.
14:49 of 3rd period - Shot Misses the Net.
14:55 of 3rd period - Snap shot by Alexander Radulov.
14:55 of 3rd period - Shot Blocked by Patrik Nemeth.
14:57 of 3rd period - Slapshot by Pernell Karl Subban.
14:57 of 3rd period - Shot Misses the Net.
14:59 of 3rd period - Slapshot by Pernell Karl Subban.
14:59 of 3rd period - Shot Misses the Net.
15:01 of 3rd period - Wrist shot by Alexander Radulov.
15:01 of 3rd period - Stopped by Frederik Andersen without a rebound.
15:02 of 3rd period - Sean Couturier wins face-off versus Bryan Little in Rangers zone.
15:50 of 3rd period - Off-side.
15:51 of 3rd period - Stephen Weiss wins face-off versus Kyle Turris in neutral zone.
15:56 of 3rd period - Slapshot by Stephen Weiss.
15:56 of 3rd period - Shot Misses the Net.
16:06 of 3rd period - Snap shot by Chuck Kobasew.
16:06 of 3rd period - Shot Blocked by Magnus Paajarvi-Svensson.
16:45 of 3rd period - Wrist shot by Brandon Yip.
16:45 of 3rd period - Shot Blocked by Artem Anisimov.
16:47 of 3rd period - Wrist shot by Andrew Ladd.
16:47 of 3rd period - Shot Misses the Net.
16:49 of 3rd period - Wrist shot by Brandon Yip.
16:49 of 3rd period - Shot Blocked by Ryan Suter.
16:51 of 3rd period - Slapshot by Brandon Yip.
16:51 of 3rd period - Shot Hit the Post.
17:43 of 3rd period - Wrist shot by Gustav Nyquist.
17:43 of 3rd period - Shot Blocked by Pernell Karl Subban.
17:54 of 3rd period - Minor Penalty to Stephen Weiss for Roughing.
17:55 of 3rd period - Bryan Little wins face-off versus Milan Lucic in Rangers zone.
18:45 of 3rd period - Slapshot by Patrice Bergeron.
18:45 of 3rd period - Stopped by Semyon Varlamov with a rebound.
18:47 of 3rd period - Snap shot by Alex Tanguay.
18:47 of 3rd period - Deflect By Patrice Bergeron.
18:47 of 3rd period - Stopped by Semyon Varlamov without a rebound.
18:48 of 3rd period - Paul Stastny wins face-off versus Milan Lucic in Avalanche zone.
18:55 of 3rd period - Cam Barker is hit by Andrei Kostitsyn and loses puck.
19:12 of 3rd period - Snap shot by Alex Tanguay.
19:12 of 3rd period - Shot Misses the Net.
19:54 of 3rd period - Penalty to Stephen Weiss is over, Stephen Weiss is back on ice.
Goals for this period are 2 for Avalanche vs 3 for Rangers.
Shots for this period are 7 for Avalanche vs 8 for Rangers.